 Dungeon Crawl Stone Soup version 0.31-a0-675-g238779eb0a (webtiles) character file.

Game seed: 13475226736530136222

851 qw the Skirmisher (level 8, -5/49 HPs)
             Began as a Gargoyle Hunter on Sept 5, 2023.
             Slain by Duvessa
             ... wielding a +0 rapier
              (11 damage)
             ... on level 5 of the Dungeon.
             The game lasted 00:01:45 (3106 turns).

qw the Skirmisher (Gargoyle Hunter)                 Turns: 3106, Time: 00:01:46

Health: -5/49      AC: 12    Str: 15    XL:     8   Next: 1%
Magic:  8/8        EV: 12    Int: 10    God:
Gold:   125        SH:  0    Dex: 15    Spells: 7/7 levels left

rFire   . . .        Y - +2 shortbow
rCold   . . .        (shield currently unavailable)
rNeg    + . .        l - +2 robe {Will+}
rPois   inf          b - +0 helmet
rElec   +            (no cloak)
rCorr   .            n - +0 pair of gloves
SInv    .            p - +0 pair of boots
Will    +....        (no amulet)
Stlth   ++           (no ring)
HPRegen 0.28/turn    (no ring)
MPRegen 0.11/turn

%: no passive effects
@: about to teleport
A: sickness immunity, AC +5, negative energy resistance 1, electricity
resistance, torment resistance 1, petrification resistance
a: no special abilities


You were on level 5 of the Dungeon.
You visited 1 branch of the dungeon, and saw 5 of its levels.

You collected 326 gold pieces.
You spent 201 gold pieces at shops.


Innate Abilities, Weirdness & Mutations

You are immune to sickness and miasma.
Your stone body is resilient. (AC +5)
You are immune to poison.
You resist negative energy. (rN+)
You are resistant to electric shocks. (rElec)
You are resistant to unholy torment.
You are immune to petrification.


   Skills:
 - Level 5.0 Fighting
 + Level 8.2 Ranged Weapons
 - Level 1.0 Armour
 - Level 2.5 Dodging
 - Level 1.1 Stealth


You had 7 spell levels left.
You didn't know any spells.
Your spell library was empty.

Inventory:

Hand Weapons
 Y - a +2 shortbow (weapon)
Armour
 b - a +0 helmet (worn)
 l - a +2 robe of willpower (worn)
 n - a +0 pair of gloves (worn)
 p - a +0 pair of boots (worn)
Scrolls
 e - a scroll of teleportation
 f - a scroll of identify
Potions
 g - a potion of curing
 h - a potion of resistance
 i - a potion of berserk rage {unknown}
 j - a potion of brilliance {unknown}
 m - a potion of enlightenment {unknown}

Dungeon Overview and Level Annotations

Branches:
Dungeon (5/15)
 Temple: D:4-7

Altars:
Elyvilon
Xom

Shops:
D:4 ?

Annotations:
D:5 Duvessa


Message History

Duvessa is heavily wounded.
Duvessa completely misses you.
You shoot an arrow. The arrow hits Duvessa.
Duvessa is heavily wounded.
Duvessa misses you.
You shoot an arrow. The arrow closely misses Duvessa.
The arrow hits Dowan!
Dowan is heavily wounded.
Dowan casts a spell.
Dowan blinks!
Duvessa gestures with her weapon.
Duvessa hits you with a +0 rapier.
You shoot an arrow. The arrow hits Duvessa.
Duvessa is severely wounded.
Duvessa hits you with a +0 rapier!
You shoot an arrow. The arrow hits Duvessa.
Duvessa is severely wounded.
Duvessa hits you with a +0 rapier.
You shoot an arrow. The arrow barely misses Duvessa.
The arrow hits Dowan!
You kill Dowan!
Duvessa screams, "No!
How DARE you!"
Duvessa goes berserk!
Duvessa hits you but does no damage.
You have reached level 8!
You feel stronger.
You shoot an arrow. The arrow closely misses Duvessa.
Duvessa closely misses you. Duvessa barely misses you.
You shoot an arrow. The arrow hits Duvessa.
Duvessa is severely wounded.
Duvessa closely misses you.
You shoot an arrow.
The arrow hits Duvessa but does no damage.
Duvessa is severely wounded.
Duvessa misses you. Duvessa hits you with a +0 rapier.
3105 ||| READING 2 scrolls of teleportation.
As you read the scroll of teleportation, it crumbles to dust.
You feel strangely unstable. Duvessa barely misses you.
You shoot an arrow. The arrow hits Duvessa!
Duvessa is severely wounded.
Duvessa hits you with a +0 rapier. Duvessa hits you with a +0 rapier!
You die...

.....#...#.(.# .^...+...#...# +.+
#### .....#...#...# #)# ##...
.....#...#...# +.+ #....
.....#...#...# #.# #....
..####..##...# +.+ ##.>.
..####..##...# #.# #....
.............###e# #...#
.............#8#@# ##..#
........[........# #....
..####..###.....## #....
..####..#####'#.##############...
................#..#..#.##..##..#
.................[......./..##..#
.....................?..........#
................................#
....##..###.##.###.###..##.######


You could see Duvessa (berserk).

Vanquished Creatures
  An ice beast (D:5)
  A black bear (D:5)
  An ogre (D:4)
  A phantom (D:5)
  A kobold brigand (D:5)
  Dowan (D:5)
  A jelly (D:5)
  An orc priest (D:3)
  A hound (D:3)
  2 iguanas
  2 orc wizards
  Robin (D:2)
  8 adders
  An ufetubus (D:4)
  3 worms
  A dart slug (D:3)
  10 orcs
  5 bats
  7 endoplasms
  17 goblins
  6 hobgoblins
  10 jackals
  5 quokkas
  4 ball pythons
  2 frilled lizards (D:1)
  7 kobolds
  2 rats
102 creatures vanquished.

Notes
Turn   | Place    | Note
-------+----------+-------------------------------------------
     0 | D:1      | qw the Gargoyle Hunter began the quest for the Orb.
     0 | D:1      | Reached XP level 1. HP: 12/12 MP: 1/1
     0 | D:1      | 0 ||| qw: Version: 0.3-a-75-g829b12e
     0 | D:1      | 0 ||| qw: Game counter: 194
     0 | D:1      | 0 ||| qw: Melee chars always use a shield: true
     0 | D:1      | 0 ||| qw: God list: Okawaru
     0 | D:1      | 0 ||| qw: Allow faded altars: false
     0 | D:1      | 0 ||| qw: Do Orc after clearing Dungeon:15 true
     0 | D:1      | 0 ||| qw: Do second Lair branch before Depths: true
     0 | D:1      | 0 ||| qw: Lair rune preference: random
     0 | D:1      | 0 ||| qw: Goals: Normal
     0 | D:1      | 0 ||| PLANNING D:1-11
   132 | D:1      | Reached XP level 2. HP: 17/17 MP: 2/2
   509 | D:1      | 509 ||| READING scroll labelled GYIZEROSUITA.
   510 | D:1      | 510 ||| READING scroll labelled ECHIMI UN MAMU.
   511 | D:1      | 511 ||| READING scroll labelled OCES XIERRU.
   512 | D:1      | 512 ||| DROPPING scroll of butterflies.
   551 | D:2      | Reached skill level 5 in Ranged Weapons
   551 | D:2      | Reached XP level 3. HP: 21/21 MP: 3/3
   574 | D:2      | Noticed Robin
   585 | D:2      | Killed Robin
   595 | D:2      | HP: 5/22 [goblin/+0 dagger[Robin] (3)]
   599 | D:2      | HP: 1/22 [goblin/+0 dagger[Robin] (2)]
   600 | D:2      | Reached skill level 3 in Fighting
   602 | D:2      | Reached XP level 4. HP: 2/28 MP: 4/4
   605 | D:2      | 605 ||| FLEEEEING.
   606 | D:2      | 606 ||| FLEEEEING.
   607 | D:2      | 607 ||| FLEEEEING.
   608 | D:2      | 608 ||| FLEEEEING.
   610 | D:2      | 610 ||| FLEEEEING.
   611 | D:2      | 611 ||| FLEEEEING.
   614 | D:2      | 614 ||| FLEEEEING.
   615 | D:2      | 615 ||| FLEEEEING.
   616 | D:2      | 616 ||| FLEEEEING.
   619 | D:2      | 619 ||| FLEEEEING.
   620 | D:2      | 620 ||| FLEEEEING.
   621 | D:2      | 621 ||| STAIRDANCE
   706 | D:1      | 706 ||| READING scroll labelled SUGI EPTAG.
  1046 | D:2      | Reached XP level 5. HP: 32/32 MP: 5/5
  1268 | D:2      | 1268 ||| UPGRADING to +0 helmet.
  1273 | D:2      | 1273 ||| UPGRADING to +0 ring mail.
  1283 | D:2      | 1283 ||| DROPPING +0 leather armour.
  1284 | D:2      | 1284 ||| UPGRADING to +2 robe of willpower.
  1294 | D:2      | 1294 ||| DROPPING +0 ring mail.
  1295 | D:2      | 1295 ||| DROPPING +0 ring mail of poison resistance.
  1296 | D:2      | 1296 ||| DROPPING ring of magical power.
  1297 | D:2      | 1297 ||| READING scroll labelled UBLANT VENWI.
  1298 | D:2      | 1298 ||| READING 2 scrolls of identify.
  1298 | D:2      | 1298 ||| IDENTIFYING smoky purple potion
  1342 | D:3      | Reached skill level 6 in Ranged Weapons
  1477 | D:3      | Found a shimmering altar of Xom.
  1601 | D:3      | 1601 ||| Stepping ~*~*~tactically~*~*~ (outnumbered).
  1603 | D:3      | 1603 ||| Stepping ~*~*~tactically~*~*~ (outnumbered).
  1610 | D:3      | 1610 ||| Stepping ~*~*~tactically~*~*~ (outnumbered).
  1621 | D:3      | HP: 8/33 [orc priest/+0 hand axe (4)]
  1622 | D:3      | 1622 ||| DRINKING potion of heal wounds.
  1628 | D:3      | Reached XP level 6. HP: 35/38 MP: 6/6
  1814 | D:3      | 1814 ||| UPGRADING to +0 pair of gloves.
  1819 | D:3      | 1819 ||| UPGRADING to +0 pair of boots.
  1824 | D:3      | 1824 ||| DROPPING ring of wizardry.
  1825 | D:3      | 1825 ||| READING scroll labelled XOBELO QIDE.
  1826 | D:3      | 1826 ||| READING scroll labelled VOSOMA CEIDIUNK.
  1827 | D:3      | 1827 ||| READING scroll labelled URODAZE WAUBB.
  1846 | D:4      | Found Qamugypergh's Magic Scroll Shoppe.
  1876 | D:4      | Reached skill level 1 in Armour
  1974 | D:4      | 1974 ||| FLEEEEING.
  1975 | D:4      | 1975 ||| FLEEEEING.
  1983 | D:4      | 1983 ||| STAIRDANCE
  1995 | D:3      | 1995 ||| DRINKING 2 red potions.
  1996 | D:3      | 1996 ||| DROPPING potion of magic.
  2040 | D:4      | Reached skill level 7 in Ranged Weapons
  2152 | D:4      | 2152 ||| BUYING scroll of enchant weapon (97 gold).
  2152 | D:4      | Bought a scroll of enchant weapon for 97 gold pieces
  2152 | D:4      | 2152 ||| BUYING scroll of identify (26 gold).
  2152 | D:4      | Bought a scroll of identify for 26 gold pieces
  2152 | D:4      | 2152 ||| BUYING scroll of teleportation (39 gold).
  2152 | D:4      | Bought a scroll of teleportation for 39 gold pieces
  2152 | D:4      | 2152 ||| BUYING scroll of teleportation (39 gold).
  2152 | D:4      | Bought a scroll of teleportation for 39 gold pieces
  2152 | D:4      | 2152 ||| READING 2 scrolls of enchant weapon.
  2152 | D:4      | 2152 ||| ENCHANTING +0 shortbow.
  2153 | D:4      | 2153 ||| READING scroll of enchant weapon.
  2153 | D:4      | 2153 ||| ENCHANTING +1 shortbow.
  2393 | D:4      | 2393 ||| READING scroll labelled CIJOME XITSIS.
  2394 | D:4      | 2394 ||| DRINKING 2 black potions.
  2395 | D:4      | 2395 ||| READING 3 scrolls of identify.
  2395 | D:4      | 2395 ||| IDENTIFYING dark potion
  2396 | D:4      | 2396 ||| READING 2 scrolls of identify.
  2396 | D:4      | 2396 ||| IDENTIFYING clear potion
  2397 | D:4      | 2397 ||| DROPPING potion of ambrosia.
  2425 | D:5      | Entered Level 5 of the Dungeon
  2539 | D:5      | Reached XP level 7. HP: 43/43 MP: 7/7
  2540 | D:5      | Found a white marble altar of Elyvilon.
  2727 | D:5      | 2727 ||| Stepping ~*~*~tactically~*~*~ (retreating).
  2731 | D:5      | 2731 ||| Stepping ~*~*~tactically~*~*~ (retreating).
  2740 | D:5      | HP: 9/43 [ice beast (11)]
  2741 | D:5      | 2741 ||| READING 3 scrolls of teleportation.
  2745 | D:5      | 2745 ||| FLEEEEING.
  2754 | D:5      | 2754 ||| STAIRDANCE
  2949 | D:5      | Reached skill level 8 in Ranged Weapons
  3088 | D:5      | Noticed Duvessa
  3088 | D:5      | Noticed Dowan
  3101 | D:5      | Killed Dowan
  3102 | D:5      | Reached XP level 8. HP: 16/49 MP: 8/8
  3104 | D:5      | HP: 11/49 [Duvessa/+0 rapier (6)]
  3105 | D:5      | 3105 ||| READING 2 scrolls of teleportation.
  3106 | D:5      | Slain by Duvessa

Levels and vault maps discovered:
D:1:      ebering_trefoil_twist, layout_rooms
D:2:      layout_loops_cross, uniq_robin
D:3:      layout_rooms, mainiacjoe_overflow_small_starburst,
          chequers_mini_garden
D:4:      layout_cave_pools, serial_shops, nicolae_shop_window_shopping,
          kennysheep_minor_cross, minmay_misc_feat_columns,
          hangedman_decor_lopped
D:5:      layout_gridville, lemuel_mausoleum_altar_kikubaaqudgha,
          mainiacjoe_overflow_concentric_impassable, serial_bayou_lagoon_b,
          uniq_duvessa

Skill      XL: |  1  2  3  4  5  6  7 |
---------------+----------------------+-----
Ranged Weapons | 5 6 7 8 |  8.2
Fighting       | 3 4 5 |  5.0
Armour         | 1 |  1.0
Dodging        | 2 |  2.5
Stealth        | |  1.1

Action                     |  1- 3 |  4- 6 |  7- 9 || total
---------------------------+-------+-------+-------++-------
   Fire: Shortbow          |   112 |   212 |    91 ||   415
    Use: Scroll            |     3 |    11 |     2 ||    16
         Potion            |       |     3 |       ||     3
 Armour: Leather armour    |    74 |    18 |       ||    92
         Robe              |       |    52 |    51 ||   103
  Dodge: Dodged            |    70 |    69 |    50 ||   189

Table legend:
 A = Non-vault XP
 B = Vault XP
 C = Vault XP percentage of total XP
 D = Non-vault monster count
 E = Vault monster count
 F = Vault count percentage of total count
                 A         B        C        D         E       F
            +---------+---------+-------+---------+---------+-------
      Total |    1120 |      97 |   8.0 |      90 |      12 |  11.8
            +---------+---------+-------+---------+---------+-------
        D:1 |      33 |       0 |   0.0 |      19 |       0 |   0.0
        D:2 |     110 |      34 |  23.6 |      19 |      11 |  36.7
        D:3 |     170 |       0 |   0.0 |      19 |       0 |   0.0
        D:4 |     230 |       0 |   0.0 |      19 |       0 |   0.0
        D:5 |     577 |      63 |   9.8 |      14 |       1 |   6.7
            +---------+---------+-------+---------+---------+-------
